 Dungeon Crawl Stone Soup version 0.30-a0-313-gae38170b09 (webtiles) character file.

Game seed: 3238913844262322749

51 PapaRoan the Firebug (level 3, 0/19 HPs)
             Began as a Deep Elf Fire Elementalist on Oct 26, 2022.
             Slain by an adder (2 damage)
             ... on level 2 of the Dungeon.
             The game lasted 00:11:01 (973 turns).

PapaRoan the Firebug (Deep Elf Fire Elementalist)    Turns: 973, Time: 00:11:02

Health: 0/19       AC:  2    Str:  5    XL:     3   Next: 58%
Magic:  7/9        EV: 13    Int: 21    God:
Gold:   62         SH:  5    Dex: 15    Spells: 5/8 levels left

rFire   . . .      SeeInvis .    d - +0 short sword
rCold   . . .      Faith    .    (no shield)
rNeg    . . .      Spirit   .    a - +0 robe
rPois   .          Reflect  +    (no helmet)
rElec   .          Harm     .    (no cloak)
rCorr   .          Rampage  .    (no gloves)
Will    .....                    (no boots)
Stlth   ++........               e - amulet of reflection
HPRegen 0.23/turn                (no ring)
MPRegen 0.11/turn                (no ring)

@: weak-willed
A: no striking features
a: no special abilities


You were on level 2 of the Dungeon.
You visited 1 branch of the dungeon, and saw 2 of its levels.

You collected 62 gold pieces.

Inventory:

Hand Weapons
 c - a +0 sling
 d - a +0 short sword (weapon)
 f - a +0 whip
 l - a +2 dagger of venom
Armour
 a - a +0 robe (worn)
 i - a +0 ring mail
 j - a +0 leather armour
Jewellery
 e - an amulet of reflection (around neck)
Scrolls
 h - a scroll of teleportation {unknown}
 k - a scroll of fear {unknown}
 m - a scroll of immolation {unknown}
 n - a scroll of noise {unknown}
Potions
 b - a potion of magic
 o - a potion of lignification {unknown}


   Skills:
 + Level 2.8 Dodging
 + Level 2.9 Stealth
 + Level 3.4 Spellcasting
 + Level 1.4 Conjurations
 + Level 4.3 Fire Magic


You had 5 spell levels left.
You knew the following spells:

 Your Spells              Type           Power      Damage    Failure   Level
a - Foxfire               Conj/Fire      60%        2x1d7     3%          1
b - Scorch                Fire           42%        2d7       3%          2

Your spell library contained the following spells:

 Spells                   Type           Power      Damage    Failure   Level
 Inner Flame              Hex/Fire       12%        N/A       16%         3
 Kindle Blastsparks       Fire/Tloc/Air  18%        2d11      22%         3
 Flame Wave               Conj/Fire      15%        2d7       36%         4


Dungeon Overview and Level Annotations

Branches:
Dungeon (2/15)

Altars:


Message History

Confirm with . or Enter, or press ? or * to list all spells.
You conjure some foxfire!
The foxfire hits the adder.
The adder is heavily wounded.
The foxfire hits the adder.
The adder is heavily wounded.
The adder barely misses you. The adder closely misses you.
Casting: Foxfire (safe; 3% risk of failure)
Confirm with . or Enter, or press ? or * to list all spells.
You conjure some foxfire!
The adder closely misses you. The adder bites you.
You are poisoned.
The adder poisons you! The adder bites you.
Your foxfire dissipates!
You feel sick.
The foxfire hits the adder.
The adder is severely wounded.
You feel sick. The adder barely misses you.
You feel sick. The adder bites you. The adder attacks as you move away!
The adder misses you.
You feel sick.
Casting: Foxfire (safe; 3% risk of failure)
Confirm with . or Enter, or press ? or * to list all spells.
You conjure some foxfire!
You feel sick.
You are no longer poisoned.
The adder bites you.
You are poisoned.
The adder poisons you!
Your foxfire dissipates!
You feel sick. The adder attacks as you move away!
The adder bites you but does no damage.
You feel sick. The adder closely misses you.
You feel sick.
You feel sick. The adder attacks as you move away!
You block the adder's attack.
You feel sick. The adder barely misses you.
You feel sick.
You feel sick.
You are no longer poisoned.
As you read the scroll labelled UPTOEGIECE, it crumbles to dust.
Magic quickly surges around you.
It was a scroll of vulnerability.
The adder bites you.
You die...

.#...#.#.#.###.#
.##.# ...#..##.#
.......#.#.# #.######
#.###.##...# #......#
.........#.###.####.#
###.###.##...#.####.#
..).....†..#.....##.#
#.###.###.####.#.##.#
####..###.# #..@...#
#......# ###S####
...~####### #.# . ≈.
#.# ~~~ #.# ≈~. #.#
≈~~ #.# #.# #.#


You could see an adder (weak-willed).

Vanquished Creatures
  An adder (D:2)
  2 worms (D:2)
  A dart slug (D:2)
  A ball python (D:2)
  3 bats
  An endoplasm (D:2)
  A giant cockroach (D:1)
  2 goblins (D:2)
  2 hobgoblins
  6 jackals (D:1)
  4 kobolds
  2 quokkas (D:2)
  3 frilled lizards
  A rat (D:1)
30 creatures vanquished.

Vanquished Creatures (others)
  71 foxfires
71 creatures vanquished.

Grand Total: 101 creatures vanquished

Notes
Turn   | Place    | Note
-------+----------+-------------------------------------------
     0 | D:1      | PapaRoan the Deep Elf Fire Elementalist began the quest for
                  | the Orb.
     0 | D:1      | Reached XP level 1. HP: 10/10 MP: 6/6
   267 | D:1      | Reached XP level 2. HP: 11/15 MP: 2/8
   336 | D:1      | Reached skill level 4 in Fire Magic
   503 | D:2      | Learned a level 2 spell: Scorch
   552 | D:2      | Reached XP level 3. HP: 19/19 MP: 4/9
   973 | D:2      | Slain by an adder

Illustrated notes

Levels and vault maps discovered:
D:1:      dpeg_arrival_simpleton_b, layout_basic, minmay_split_cup_large
D:2:      layout_loops_cross, chequers_ecumenical_altar_island,
          nicolae_concentric_dashed_squares_mild, kennysheep_cross_room

Skill      XL: |  1  2 |
---------------+-------+-----
Fire Magic     | 4 |  4.3
Dodging        | |  2.8
Stealth        | |  2.9
Spellcasting   | |  3.4
Conjurations   | |  1.4

Action                   || total
-------------------------++-------
Melee: Unarmed           ||     2
       Short sword       ||     4
 Cast: Foxfire           ||    46
       Scorch            ||     2
  Use: Scroll            ||     1
Armor: Robe              ||    11
Dodge: Dodged            ||    44
Block: Other             ||    14

Table legend: (Time is in decaauts)
 A = Elapsed time spent in this place.
 B = Non-inter-level travel time spent in this place.
 C = Inter-level travel time spent in this place.
 D = Time resting spent in this place.
 E = Time spent auto-exploring this place.
 F = Levels seen in this place.
 G = Mean time per level.
                   A        B        C        D        E       F      G
               +--------+--------+--------+--------+--------+-----+--------+
         Total |    972 |    971 |      1 |    196 |      0 |   2 |  486.0 |
       Dungeon |    972 |    971 |      1 |    196 |      0 |   2 |  486.0 |
               +--------+--------+--------+--------+--------+-----+--------+

Top non-repeatable levels by time:
     D:1: 496 daAuts
     D:2: 475 daAuts
